 Dungeon Crawl Stone Soup version 0.21.1-1-g345015fe64 (webtiles) character file.

1389 Holzbalken the Geomancer (level 8, -7/41 HPs)
             Began as a Gargoyle Earth Elementalist on July 17, 2018.
             Was an Initiate of Cheibriados.
             Mangled by an orc warrior
             ... wielding a +0 morningstar
              (18 damage)
             ... on level 6 of the Dungeon.
             The game lasted 00:27:03 (5255 turns).

Holzbalken the Geomancer (GrEE)                     Turns: 5255, Time: 00:27:04

Health: -7/41      AC: 11    Str: 15    XL:     8   Next: 68%
Magic:  12/12      EV:  9    Int: 17    God:    Cheibriados [......]
Gold:   191        SH:  9    Dex: 11    Spells: 7/13 levels left

rFire    . . .     SeeInvis .   u - +5 mace
rCold    + . .     Gourm    .   g - +0 shield
rNeg     + . .     Faith    .   r - +0 leather armour {rC+}
rPois    ∞         Spirit   .   i - +1 helmet
rElec    +         Reflect  .   k - +0 cloak
rCorr    .         Harm     .   (no gloves)
MR       .....                  (no boots)
Stlth    ++........             (no amulet)
HPRegen  0.13/turn              (no ring)
MPRegen  0.13/turn              (no ring)

@: very slow
A: negative energy resistance 1, electricity resistance, unbreathing,
petrification resistance, rot immunity, AC +5
a: Bend Time, Renounce Religion


You were on level 6 of the Dungeon.
You worshipped Cheibriados.
Cheibriados was noncommittal.
You were not hungry.

You visited 1 branch of the dungeon, and saw 6 of its levels.

You collected 191 gold pieces.

Inventory:

Hand Weapons
 a - a +0 whip
 p - a +0 mace
 u - a +5 mace (weapon)
Missiles
 b - 10 stones (quivered)
Armour
 c - a +0 robe
 g - a +0 shield (worn)
 i - a +1 helmet (worn)
 k - a +0 cloak (worn)
 r - a +0 leather armour of cold resistance (worn)
 v - a +0 ring mail
Jewellery
 x - an uncursed ring of protection from cold {unknown}
Wands
 s - a wand of polymorph (13)
Scrolls
 f - a scroll of immolation {unknown}
 h - a scroll of fear {unknown}
 l - 3 scrolls of remove curse
 m - 3 scrolls of teleportation
 n - 2 scrolls of enchant weapon
 y - a scroll of identify
 C - 2 scrolls of enchant armour
Potions
 j - a potion of flight
 o - 4 potions of curing {unknown}
 q - a potion of resistance {unknown}
 t - a potion of agility {unknown}
 w - 2 potions of magic {unknown}
 z - a potion of mutation {unknown}
 B - a potion of degeneration {unknown}
 D - a potion of heal wounds {unknown}
Books
 e - a book of Geomancy

   Spells                             Type                      Level
   a - Sandblast                      Earth                        1
   b - Passwall                       Transmutation/Earth          2
   c - Stone Arrow                    Conjuration/Earth            3
   d - Petrify                        Transmutation/Earth          4
   e - Lee's Rapid Deconstruction     Earth                        5
 A - a book of Misfortune

   Spells                             Type                      Level
   a - Confusing Touch                Hexes                        1
   b - Confuse                        Hexes                        3
   c - Gell's Gravitas                Translocation                3
   d - Petrify                        Transmutation/Earth          4
   e - Metabolic Englaciation         Hexes/Ice                    5
   f - Yara's Violent Unravelling     Hexes/Transmutation          5
Comestibles
 d - 3 rations


   Skills:
 + Level 4.5 Maces & Flails
 - Level 1.5 Dodging
 - Level 2.1 Stealth
 + Level 4.4 Shields
 - Level 3.0 Spellcasting
 - Level 5.1 Conjurations
 - Level 0.7 Transmutations
 - Level 8.0 Earth Magic


You had 7 spell levels left.
You knew the following spells:

 Your Spells              Type           Power        Failure   Level  Hunger
a - Sandblast             Erth           ####..       3%          1    None
b - Passwall              Tmut/Erth      ###.......   22%         2    ##.....
c - Stone Arrow           Conj/Erth      ###...       17%         3    ###....


Dungeon Overview and Level Annotations

Branches:
Dungeon (6/15)
 Temple: D:4-7

Altars:
Cheibriados
Sif Muna
Vehumet
Xom
Yredelemnul
The Shining One

Shops:
D:6 :


Innate Abilities, Weirdness & Mutations

You are resistant to torment.
Your stone body is resilient. (AC +5)
You are immune to poison.
You resist negative energy. (rN+)
You are resistant to electric shocks. (rElec)
You can survive without breathing.
You are immune to petrification.
You are immune to rotting.


Message History

You block the orc warrior's attack. The orc hits you but does no damage.
You closely miss the orc warrior.
The orc warrior is lightly wounded.
The orc warrior hits you with a morningstar.
* * * LOW HITPOINT WARNING * * *
You block the orc's attack.
You closely miss the orc warrior.
The orc warrior is lightly wounded.
You block the orc warrior's attack. The orc barely misses you.
You closely miss the orc warrior.
The orc warrior is lightly wounded.
The orc warrior splashes around in the water.
The orc barely misses you.
You closely miss the orc warrior.
The orc warrior is lightly wounded.
You block the orc warrior's attack.
The orc splashes around in the water.
You hit the orc warrior but do no damage.
The orc warrior is lightly wounded.
The orc warrior hits you with a morningstar!!
You die...

## #.#.# ..# #.#.#
#..##.#.# #..#.#.#
#....... #. #....o.###
#.. #......#@##..# #
#.....ooo≈..# .. #>. #
#...>.o≈≈≈≈### #.##..# #
#.....≈≈†≈≈.>.###..#..#
# #.....≈≈≈≈≈##..
......# # ###....≈≈≈.# #
#.#...### #.......##
#.#...... #....#...#
#........
#..#..###.######..#.....


You could see an orc warrior and 3 orcs.

Vanquished Creatures
  Grinder (D:5)
  An ice beast (D:3)
  Blork the orc (D:4)
  2 bullfrogs
  2 howler monkeys
  A crimson imp (D:6)
  2 bullfrog zombies
  3 hounds
  A jelly (D:5)
  An orc wizard (D:5)
  A gnoll shaman (D:5)
  An orc priest (D:5)
  2 bullfrog skeletons
  Jessica (D:2)
  Natasha (thrice) (D:3)
  An iguana (D:6)
  4 worker ants
  5 gnolls (D:5)
  7 adders
  3 oozes
  2 adder zombies (D:5)
  An adder skeleton (D:4)
  4 worms
  2 dart slugs
  5 leopard geckos
  12 orcs
  3 ball pythons
  8 bats
  3 giant cockroaches
  9 goblins
  7 hobgoblins
  9 jackals
  6 kobolds
  3 quokkas
  9 frilled lizards
  6 rats
132 creatures vanquished.

Notes
Turn   | Place    | Note
-------+----------+-------------------------------------------
     0 | D:1      | Holzbalken the Gargoyle Earth Elementalist began the quest for the Orb.
     0 | D:1      | Reached XP level 1. HP: 10/10 MP: 3/3
   125 | D:1      | Reached skill level 4 in Earth Magic
   153 | D:1      | Reached XP level 2. HP: 15/15 MP: 3/5
   467 | D:1      | Reached XP level 3. HP: 15/19 MP: 2/6
   988 | D:2      | Reached skill level 5 in Earth Magic
  1010 | D:2      | Learned a level 2 spell: Passwall
  1014 | D:2      | Learned a level 3 spell: Stone Arrow
  1131 | D:2      | Reached XP level 4. HP: 24/24 MP: 2/8
  1196 | D:2      | Found a radiant altar of Vehumet.
  1465 | D:2      | Noticed Jessica
  1472 | D:2      | Killed Jessica
  1472 | D:2      | Reached XP level 5. HP: 28/28 MP: 2/9
  1882 | D:3      | Reached skill level 6 in Earth Magic
  1949 | D:3      | Noticed an ice beast
  1973 | D:3      | Noticed Natasha
  2006 | D:3      | Killed Natasha
  2057 | D:3      | Found a basalt altar of Yredelemnul.
  2068 | D:3      | Found a glowing golden altar of the Shining One.
  2073 | D:3      | Found a shimmering altar of Xom.
  2115 | D:3      | Killed an ice beast
  2115 | D:3      | Reached skill level 7 in Earth Magic
  2115 | D:3      | Reached XP level 6. HP: 26/32 MP: 8/10
  2154 | D:3      | Noticed Natasha
  2155 | D:3      | Killed Natasha
  2171 | D:3      | Noticed Natasha
  2178 | D:3      | Killed Natasha
  2200 | D:3      | Found a deep blue altar of Sif Muna.
  2334 | D:3      | Reached skill level 8 in Earth Magic
  3065 | D:4      | Reached skill level 1 in Maces & Flails
  3065 | D:4      | Reached skill level 1 in Conjurations
  3201 | D:4      | Reached XP level 7. HP: 36/36 MP: 8/11
  3695 | D:4      | Noticed Blork the orc
  3702 | D:4      | Killed Blork the orc
  3702 | D:4      | Reached skill level 1 in Shields
  3792 | D:5      | Entered Level 5 of the Dungeon
  4228 | D:5      | Reached XP level 8. HP: 41/41 MP: 4/12
  4339 | D:5      | Noticed Grinder
  4342 | D:5      | Paralysed by Grinder for 6 turns
  4357 | D:5      | Paralysed by Grinder for 4 turns
  4364 | D:5      | Killed Grinder
  4364 | D:5      | Reached skill level 5 in Conjurations
  5123 | D:6      | Found Biylykau's Book Boutique.
  5214 | D:6      | Found a snail-covered altar of Cheibriados.
  5244 | D:6      | Became a worshipper of Cheibriados the Contemplative
  5255 | D:6      | Mangled by an orc warrior

Skill      XL: |  1  2  3  4  5  6  7  8 |
---------------+-------------------------+-----
Earth Magic    | 4 5 7 8 |  8.0
Spellcasting   | 3 |  3.0
Maces & Flails | 1 2 4 |  4.5
Conjurations   | 2 4 5 |  5.1
Shields        | 2 4 |  4.4
Dodging        | |  1.5
Stealth        | |  2.1
Transmutations | |  0.7

Action                   |  1- 3 |  4- 6 |  7- 9 || total
-------------------------+-------+-------+-------++-------
Melee: Whip              |    18 |    19 |       ||    37
       Mace              |       |    30 |    60 ||    90
 Cast: Sandblast         |    40 |    81 |    56 ||   177
       Passwall          |     2 |       |       ||     2
       Stone Arrow       |       |     1 |     1 ||     2
  Use: Scroll            |       |     6 |       ||     6
  Eat: Chunk             |     1 |     7 |     5 ||    13
       Ration            |       |       |     1 ||     1
Armor: Robe              |    11 |    11 |       ||    22
       Leather armour    |       |    17 |    21 ||    38
Dodge: Dodged            |    18 |    43 |    23 ||    84
Block: Shield            |       |       |    32 ||    32
